AoeStats
← HerrCollega

Highland

504160822Analyzed
2v2 RM · 28d ago on Sep 4, 2026· 22m 53s· 4 players
Game mode
Random Map
Map size
Medium (4 player)
Population
200
Speed
Normal
Resources
Standard
Victory
Conquest
Starting age
Dark Age
Ending age
Imperial Age
RankedLock teamsTeams togetherTeam positionsShared explorationLock speedFull tech treeHidden civsTurbo modeCheats
Victory
Defeat
🇩🇪 Saracens · Germany
1106
+14
🇺🇸 Khmer · United States
1044
+18
🇺🇸 Romans · United States
1076
-16
🇺🇸 Byzantines · United States
1070
-16
snedekev99
13:35 Feudal Age
21:37 Castle Age
21:10 Forging
22:23 Pikeman
Marcus Aurelius
12:22 Feudal Age
12:26 Man-at-Arms
14:34 Scale Mail Armor
19:31 Castle Age
18:06 Double-Bit Axe
18:04 Horse Collar
19:07 Loom
21:08 Pikeman
lIKronos
9:39 Loom
11:25 Feudal Age
14:38 Castle Age
12:45 Double-Bit Axe
HerrCollega
5:45 Loom
9:21 Feudal Age
9:58 Double-Bit Axe
14:28 Town Watch
14:48 Fletching
16:58 Horse Collar
19:48 Wheelbarrow
23:32 Castle Age
22:10 Padded Archer Armor
Connection lost

Rejoining the realm…

Still unreachable

The connection could not be restored.

Session expired

The server has moved on; the page needs a fresh start.